 Dungeon Crawl Stone Soup version 0.21-a0-584-g185da8e (webtiles) character file.

687 Amnesiac the Conjurer (level 7, -7/43 HPs)
             Began as a Deep Elf Ice Elementalist on Dec 21, 2017.
             Was a Follower of Sif Muna.
             Mangled by an ice beast (14 damage)
             ... on level 4 of the Dungeon.
             The game lasted 00:09:42 (4485 turns).

Amnesiac the Conjurer (Deep Elf Ice Elementalist)   Turns: 4485, Time: 00:09:43

Health: -7/43      AC:  2    Str:  5    XL:     7   Next: 35%
Magic:  4/15       EV: 14    Int: 22    God:    Sif Muna [*.....]
Gold:   268        SH:  0    Dex: 15    Spells: 2/14 levels left

rFire    . . .     SeeInvis .   d - +0 hunting sling
rCold    . . .     Gourm    .   (no shield)
rNeg     . . .     Faith    .   a - +0 robe
rPois    .         Spirit   .   (no helmet)
rElec    .         Reflect  .   (no cloak)
rCorr    .         Harm     +   (no gloves)
MR       .....                  (no boots)
Stlth    ++........             p - amulet of harm
HPRegen  0.14/turn              (no ring)
MPRegen  0.14/turn              (no ring)

@: very slightly contaminated, divine energy
A: no striking features
a: Stop Divine Energy, Renounce Religion


You were on level 4 of the Dungeon.
You worshipped Sif Muna.
Sif Muna was aware of your devotion.
You were near starving.

You visited 1 branch of the dungeon, and saw 5 of its levels.

You collected 268 gold pieces.

Inventory:

Hand Weapons
 d - a +0 hunting sling (weapon)
 r - a cursed -3 short sword
 t - a +2 dagger of pain
Missiles
 i - 4 needles of confusion
 o - 123 stones
 B - 6 sling bullets (quivered)
Armour
 a - a +0 robe (worn)
 g - a +0 plate armour
 l - a cursed +0 leather armour
 w - a +0 pair of boots
Jewellery
 p - an amulet of harm (around neck)
 y - an uncursed ring of see invisible {unknown}
Scrolls
 f - a scroll of identify {!r}
 j - 2 scrolls of magic mapping {!r, unknown}
 k - 2 scrolls of enchant armour {!r, unknown}
 m - a scroll of noise {!r, unknown}
 n - 5 scrolls of remove curse {!r}
 q - a scroll of random uselessness {!r, unknown}
 s - 2 scrolls of amnesia {!r, unknown}
 u - 2 scrolls of enchant weapon {!r, unknown}
Potions
 v - a potion of flight {!q, unknown}
 x - a potion of brilliance {!q, unknown}
 z - a potion of curing {!q, unknown}
 A - a potion of heal wounds {!q, unknown}
Books
 b - a book of Frost

   Spells                             Type                      Level
   a - Freeze                         Ice                          1
   b - Throw Frost                    Conjuration/Ice              2
   c - Ozocubu's Armour               Charms/Ice                   3
   d - Throw Icicle                   Conjuration/Ice              4
   e - Summon Ice Beast               Ice/Summoning                4
Comestibles
 c - 13 rations
 h - 6 chunks of flesh


   Skills:
 - Level 4.0 Fighting
 - Level 4.0 Dodging
 - Level 2.4 Stealth
 - Level 4.0 Spellcasting
 * Level 4.7 Conjurations
 * Level 4.7 Ice Magic


You had 2 spell levels left.
You knew the following spells:

 Your Spells              Type           Power        Failure   Level  Hunger
a - Freeze                Ice            ####         1%          1    None
b - Ozocubu's Armour      Chrm/Ice       ##......     13%         3    ###....
c - Summon Ice Beast      Ice/Summ       ##......     38%         4    ####...
d - Throw Icicle          Conj/Ice       ####....     16%         4    ####...


Dungeon Overview and Level Annotations

Branches:
Dungeon (5/15)             Temple (0/1) D:4

Altars:
Sif Muna

Shops:
D:4 :


Message History

You briefly lose access to your magic!
Your ice beast freezes the ice beast.
The ice beast completely resists.
The ice beast barely misses you.
You regain access to your magic.
The ice beast hits you.
* * * LOW HITPOINT WARNING * * *
The ice beast freezes you.
* * * LOW HITPOINT WARNING * * *
Really quaff
e - a potion of ambrosia {!q}?
You are confused.
You feel invigorated.
The ice beast hits you but does no damage.
Your ice beast freezes the ice beast.
The ice beast completely resists.
You bump into the rock wall.
The ice beast misses you.
You barely miss the ice beast.
The ice beast is heavily wounded.
The ice beast hits you.
* * * LOW HITPOINT WARNING * * *
The ice beast freezes you!
* * * LOW HITPOINT WARNING * * *
Your ice beast freezes the ice beast.
The ice beast completely resists.
The ice beast closely misses you.
Your ice beast freezes the ice beast.
The ice beast completely resists.
You feel less invigorated.
You feel less confused.
Okay, then.
Okay, then.
Your ice beast disappears in a puff of smoke!
There is an open door here.
Things that are here:
a club; a dagger The ice beast misses you.
Your icy armour starts to melt.
Your icy armour evaporates.
Your magical contamination has completely faded away.
You see here 3 sling bullets.
Okay, then.
Unknown command.
Okay, then.
You are feeling very hungry.
There is a stone staircase leading up here.
There is a stone staircase leading up here.
Some of the chunks of flesh in your inventory have rotted away.
Casting: Throw Icicle
Confirm with . or Enter, or press ? or * to list all spells.
You miscast Summon Ice Beast.
You are very lightly contaminated with residual magic.
Space twists in upon itself!
A spatial vortex comes into view.
The ice beast barely misses you.
There is a stone staircase leading up here.
Casting: Summon Ice Beast
Confirm with . or Enter, or press ? or * to list all spells.
You miscast Summon Ice Beast.
Your head hurts.
The ice beast hits you.
* * * LOW HITPOINT WARNING * * *
The ice beast freezes you!
* * * LOW HITPOINT WARNING * * *
Casting: Summon Ice Beast
Confirm with . or Enter, or press ? or * to list all spells.
A chill wind blows around you.
You are near starving!
The ice beast hits you.
* * * LOW HITPOINT WARNING * * *
The ice beast freezes you!
You die...

#.# #.#....#..............#
##.######.#........#..........###
..........#...##.#.#.####........
..........#........#.#........##.
...................#.##.#........
##'##.###.......................P
........................#......##
#.....####......YY......#......#.
#.....#.........@#...##.#......#.
#.....#.###......#<.v##.#......##
#.....#.#.#......#......)........
#.....#......#..##.#.............
##'##.#.##......##.......#...#.##
##.##.#..'.........#.###.#...#.#.
...##.#.##.....###.#.# #.....#.#.
#####.#.##...........# #.....#.##
#.#.#..........#.# #.......#.


You could see an ice beast and a friendly ice beast.

Vanquished Creatures
  The ghost of anet the Magician, an amateur DEWz (D:3)
  A phantom (D:4)
  3 orc priests
  Jessica (D:2)
  Terence (D:2)
  3 worker ants
  3 adders
  7 gnolls
  3 oozes
  4 worms
  2 dart slugs (D:1)
  2 leopard geckos
  23 orcs
  7 giant cockroaches
  13 goblins
  15 hobgoblins
  2 jackals (D:5)
  A quokka (D:4)
  5 ball pythons
  12 bats
  5 frilled lizards
  8 kobolds
  15 rats
137 creatures vanquished.

Vanquished Creatures (collateral kills)
  A worm (D:4)
1 creature vanquished.

Grand Total: 138 creatures vanquished

Notes
Turn   | Place    | Note
-------+----------+-------------------------------------------
     0 | D:1      | Amnesiac the Deep Elf Ice Elementalist began the quest for the Orb.
     0 | D:1      | Reached XP level 1. HP: 10/10 MP: 6/6
    79 | D:1      | Reached skill level 1 in Fighting
   105 | D:1      | Reached XP level 2. HP: 5/16 MP: 4/8
   578 | D:1      | Reached XP level 3. HP: 12/21 MP: 7/9
   587 | D:1      | Learned a level 3 spell: Ozocubu's Armour
   778 | D:2      | Noticed Jessica
   785 | D:2      | Killed Jessica
  1069 | D:2      | Reached XP level 4. HP: 18/28 MP: 6/10
  1216 | D:2      | Noticed Terence
  1228 | D:2      | Killed Terence
  1480 | D:2      | Learned a level 4 spell: Summon Ice Beast
  1772 | D:2      | Reached XP level 5. HP: 32/32 MP: 8/11
  2631 | D:3      | Reached XP level 6. HP: 38/38 MP: 7/12
  2694 | D:3      | Learned a level 4 spell: Throw Icicle
  2728 | D:3      | Noticed anet's ghost (amateur DEWz)
  2744 | D:3      | Killed anet's ghost
  3566 | D:4      | Found a deep blue altar of Sif Muna.
  3573 | D:4      | Became a worshipper of Sif Muna the Loreminder
  3576 | D:4      | Reached XP level 7. HP: 43/43 MP: 1/14
  3630 | D:4      | Found Doklix's Book Shoppe.
  4048 | D:4      | Found a staircase to the Ecumenical Temple.
  4334 | D:5      | Entered Level 5 of the Dungeon
  4339 | D:5      | Reached * piety under Sif Muna
  4477 | D:4      | Noticed a spatial vortex
  4485 | D:4      | Mangled by an ice beast

Vault maps used:
D:1:      dpeg_arrival_orchard, minmay_vboxes
D:2:      first_ration, uniq_jessica, uniq_terence
D:3:      cheibrodos_greedy_goblins
D:4:      corexii_shack_village, nicolae_overflow_crystal_walls, temple_green,
          serial_shops, nicolae_shop_trees
D:5:      kennysheep_little_box, serial_shops, shop, grunt_ministairs_10,
          solitary_fountain, cheibrodos_ashenzari_chains

Skill      XL: |  1  2  3  4  5  6  7 |
---------------+----------------------+-----
Fighting       | 1 2 3 4 |  4.0
Dodging        | 3 4 |  4.0
Ice Magic      | 4 |  4.7
Conjurations   | 4 |  4.7
Spellcasting   | 4 |  4.0
Stealth        | |  2.4

Action                   |  1- 3 |  4- 6 |  7- 9 || total
-------------------------+-------+-------+-------++-------
Melee: Hunting sling     |       |       |     1 ||     1
 Fire: Hunting sling     |    80 |   138 |    88 ||   306
 Cast: Freeze            |    24 |   109 |    24 ||   157
       Throw Icicle      |       |     1 |     8 ||     9
       Summon Ice Beast  |       |       |     3 ||     3
       Ozocubu's Armour  |       |       |     1 ||     1
Invok: Divine Energy     |       |       |     1 ||     1
  Use: Scroll            |       |     2 |     1 ||     3
       Potion            |       |       |     1 ||     1
  Eat: Chunk             |       |     8 |     4 ||    12
Armor: Robe              |    11 |    14 |     2 ||    27
Dodge: Dodged            |    51 |    65 |    39 ||   155

Table legend:
 A = Spawn XP
 B = Non-spawn XP
 C = Spawn XP percentage of total XP
 D = Spawn monster count
 E = Non-spawn monster count
 F = Spawn count percentage of total count
 G = Total turns spent on level
                    A         B        C        D         E        F      G
               +---------+---------+-------+---------+---------+-------+---------
         Total |       0 |     982 |   0.0 |       0 |     138 |   0.0 |  4485
               +---------+---------+-------+---------+---------+-------+---------
           D:1 |       0 |      46 |   0.0 |       0 |      25 |   0.0 |  1000
           D:2 |       0 |     213 |   0.0 |       0 |      35 |   0.0 |  1093
           D:3 |       0 |     365 |   0.0 |       0 |      45 |   0.0 |  1141
           D:4 |       0 |     353 |   0.0 |       0 |      30 |   0.0 |  1242
           D:5 |       0 |       5 |   0.0 |       0 |       3 |   0.0 |     9
               +---------+---------+-------+---------+---------+-------+---------
